 Seeded DCSS version 0.29.1-2-gbd0b4ee654 (webtiles) character file.

Game seed: 1 (custom seed)

1182 Kazon the Carver (level 8, -1/67 HPs)
             Began as a Barachi Fighter on Oct 24, 2022.
             Slain by Menkaure (11 damage)
             ... on level 5 of the Dungeon.
             The game lasted 00:19:28 (3931 turns).

Kazon the Carver (Barachi Fighter)                  Turns: 3931, Time: 00:19:29

Health: -1/67      AC: 32    Str: 19    XL:     8   Next: 42%
Magic:  8/8        EV:  3    Int: 12    God:
Gold:   184        SH:  5    Dex: 11    Spells: 7/7 levels left

rFire   . . .      SeeInvis .   s - +3 falchion of Winter {venom, rCorr}
rCold   . . .      Faith    .   c - +0 buckler
rNeg    + . .      Spirit   .   g - +9 crystal plate armour of Zoitz {rElec Will- Int+2}
rPois   .          Reflect  .   k - +0 helmet
rElec   +          Harm     .   (no cloak)
rCorr   +          Rampage  .   (no gloves)
Will    .....                   m - +2 pair of boots
Stlth   ..........              f - amulet of the acrobat
HPRegen 0.21/turn               t - ring of positive energy
MPRegen 0.11/turn               (no ring)

@: slow
A: amphibious, slowness 1, strong legs 1, +LOS
a: Hop


You were on level 5 of the Dungeon.
You visited 1 branch of the dungeon, and saw 5 of its levels.

You collected 368 gold pieces.
You spent 184 gold pieces at shops.

Inventory:

Hand Weapons
 a - a +1 long sword of protection
 e - a +2 dagger of venom
 s - the +3 falchion of Winter (weapon) {venom, rCorr}
   (You bought it in a shop on level 3 of the Dungeon)

   It poisons the flesh of those it strikes.
   rCorr:     It protects you from acid and corrosion.
 w - a +1 sling of flaming
Missiles
 j - 35 stones (quivered)
 p - 5 boomerangs
 B - 2 curare-tipped darts
Armour
 c - a +0 buckler (worn)
 g - the +9 crystal plate armour of Zoitz (worn) {rElec Will- Int+2}
   (You acquired it on level 1 of the Dungeon)

   Int:       It affects your intelligence (+2).
   rElec:     It insulates you from electricity.
   Will:      It decreases your willpower.
 k - a +0 helmet (worn)
 m - a +2 pair of boots (worn)
Jewellery
 f - an amulet of the acrobat (around neck)
 t - a ring of positive energy (left hand)
 D - a ring of protection from cold
Wands
 y - a wand of mindburst (20)
 A - a wand of flame (11)
Scrolls
 h - a scroll of teleportation {unknown}
 i - 4 scrolls of identify
 n - 2 scrolls of immolation {unknown}
 o - a scroll of fog {unknown}
 u - 2 scrolls of noise {unknown}
 v - a scroll of magic mapping {unknown}
 x - a scroll of poison {unknown}
 E - a scroll of enchant weapon {unknown}
Potions
 b - a potion of flight
 d - a potion of might
 l - 2 potions of berserk rage
 q - 2 potions of haste
 r - 3 potions of lignification {unknown}
 z - 2 potions of ambrosia {unknown}
 C - a potion of cancellation {unknown}


   Skills:
 + Level 7.5 Fighting
 + Level 4.8(6.9) Short Blades
 + Level 8.3(9.1) Long Blades
 + Level 2.6 Ranged Weapons
 + Level 4.5 Throwing
 + Level 7.3 Armour
 + Level 4.5 Dodging
 + Level 6.4 Shields


You had 7 spell levels left.
You didn't know any spells.
Your spell library contained the following spells:

 Spells                   Type           Power      Damage    Failure   Level
 Apportation              Tloc           0%         N/A       100%        1
 Necrotise                Necr           0%         1d4       100%        1
 Sting                    Tmut/Pois      0%         1d3       100%        1
 Summon Small Mammal      Summ           0%         N/A       100%        1
 Poisonous Vapours        Pois/Air       0%         N/A       100%        2
 Olgreb's Toxic Radiance  Pois           0%         N/A       100%        4
 Fireball                 Conj/Fire      0%         3d3       100%        5
 Iskenderun's Battlesphe  Conj           0%         2d6       100%        5
 Conjure Ball Lightning   Conj/Air       0%         3x3d6     100%        6
 Orb of Destruction       Conj           0%         9d5       100%        7


Dungeon Overview and Level Annotations

Branches:
Dungeon (5/15)
 Temple: D:4-7

Altars:
Hepliaklqana

Shops:
D:3 (

Annotations:
D:5 Menkaure


Innate Abilities, Weirdness & Mutations

You are amphibious.
You cover ground slowly.
You can hop short distances.
You have an extended range of vision and can be seen from far away.


Message History

Press: ? - help, Q - select action, (/) - cycle Shift-Dir - straight line, f/p - Menkaure
Aim: Menkaure (74% to hit)
You shoot a sling bullet. The sling bullet hits Menkaure.
The sling bullet burns Menkaure.
Menkaure is moderately damaged.
Menkaure calls on the powers of darkness!
The scorpion convulses!
Your body is wracked with pain!
Fire: w) +1 sling (flame)
Press: ? - help, Q - select action, (/) - cycle Shift-Dir - straight line, f/p - Menkaure
Aim: Menkaure (moderately damaged, 74% to hit)
You shoot a sling bullet. The sling bullet hits Menkaure.
The sling bullet burns Menkaure.
Menkaure is moderately damaged.
Menkaure mumbles some strange words.
Menkaure seems to speed up.
Fire: w) +1 sling (flame)
Press: ? - help, Q - select action, (/) - cycle Shift-Dir - straight line, f/p - Menkaure
Aim: Menkaure (moderately damaged, fast, 74% to hit)
You shoot a sling bullet. The sling bullet hits Menkaure.
The sling bullet burns Menkaure.
Menkaure is heavily damaged.
Menkaure whispers in an indecipherable tongue.
Fire: w) +1 sling (flame)
Press: ? - help, Q - select action, (/) - cycle Shift-Dir - straight line, f/p - Menkaure
Aim: Menkaure (heavily damaged, fast, 74% to hit)
You shoot a sling bullet.
The sling bullet barely misses Menkaure.
Unknown command.
Your +1 sling of flaming stops flaming.
The +3 falchion of Winter {venom, rCorr} begins to drip with poison!
s - the +3 falchion of Winter (weapon)
{venom, rCorr} Menkaure hits you but does no damage.
You slash Menkaure!
Menkaure is almost destroyed.
Menkaure hits you!
* * * LOW HITPOINT WARNING * * *
You barely miss Menkaure.
Menkaure is almost destroyed.
Menkaure hits you!
You die...

. .. ... #.####
.... #.... ...
##....# ...
##......## #.# #
#......M.## #..#
##
#......s@.##..#
.##
........#....#
..#
........##..####
..# #......#
##.##.# ..#
###...# #....#
..# #### #[...#
..# ##....# .##
### #.....# .#
#.### ###.....#


You could see Menkaure (fast) and a scorpion.

Vanquished Creatures
  Eustachio (D:5)
  A water moccasin (D:5)
  A sky beast (D:5)
  A centaur (D:5)
  4 scorpions
  A hound (D:4)
  An orc priest (D:3)
  2 iguanas
  Robin (D:3)
  6 gnolls
  8 adders
  An ufetubus (D:5)
  3 worms
  7 orcs
  11 endoplasms
  A giant cockroach (D:1)
  16 goblins
  9 hobgoblins
  A jackal (D:4)
  4 kobolds
  A quokka (D:1)
  5 ball pythons
  4 bats
  3 frilled lizards
  6 rats
99 creatures vanquished.

Notes
Turn   | Place    | Note
-------+----------+-------------------------------------------
     0 | D:1      | Kazon the Barachi Fighter began the quest for the Orb.
     0 | D:1      | Reached XP level 1. HP: 18/18 MP: 1/1
   120 | D:1      | Reached XP level 2. HP: 25/25 MP: 2/2
   126 | D:1      | Identified a scroll of acquirement
   126 | D:1      | Acquired the +9 crystal plate armour of Zoitz {rElec Will-
                  | Int+2}
   647 | D:2      | Reached XP level 3. HP: 30/30 MP: 3/3
   874 | D:2      | Reached skill level 3 in Long Blades
  1204 | D:2      | Reached XP level 4. HP: 29/38 MP: 4/4
  1621 | D:3      | Found Umat's Antique Weapon Boutique.
  1640 | D:3      | Bought a crude falchion for 184 gold pieces
  1640 | D:3      | Identified the +3 falchion of Winter {venom, rCorr} (You
                  | bought it in a shop on level 3 of the Dungeon)
  1768 | D:3      | Noticed Robin
  1778 | D:3      | Killed Robin
  1779 | D:3      | Reached skill level 1 in Throwing
  1779 | D:3      | Reached XP level 5. HP: 41/42 MP: 5/5
  1780 | D:3      | Reached skill level 4 in Long Blades
  2499 | D:4      | Reached skill level 6 in Long Blades
  2499 | D:4      | Reached XP level 6. HP: 48/55 MP: 6/6
  2563 | D:4      | Reached skill level 7 in Long Blades
  2655 | D:4      | Reached XP level 7. HP: 60/60 MP: 7/7
  2817 | D:4      | Reached skill level 1 in Ranged Weapons
  2983 | D:4      | Found a hazy altar of Hepliaklqana.
  3401 | D:5      | Entered Level 5 of the Dungeon
  3438 | D:5      | Noticed Eustachio
  3468 | D:5      | Killed Eustachio
  3469 | D:5      | Reached XP level 8. HP: 49/67 MP: 8/8
  3502 | D:5      | Reached skill level 8 in Long Blades
  3923 | D:5      | Noticed Menkaure
  3931 | D:5      | Slain by Menkaure

Illustrated notes

Levels and vault maps discovered:
D:1:      dpeg_arrival_three_smaller_balls, layout_basic
D:2:      layout_loops_ring
D:3:      layout_basic, serial_shops, nicolae_shop_stone, st_stairs_9,
          minmay_misc_feat_doors, eino_curves_03, uniq_robin
D:4:      minmay_wonky_spiral, layout_basic,
          mainiacjoe_overflow_surrounded_room, minivault_5
D:5:      layout_cave_pods, uniq_menkaure, uniq_eustachio

Skill      XL: |  1  2  3  4  5  6  7  8 |
---------------+-------------------------+-----
Fighting       | 4 7 |  7.5
Long Blades    | 3 6 7 8 |  8.3
Armour         | 4 7 |  7.3
Throwing       | 1 4 |  4.5
Short Blades   | 4 |  4.8
Dodging        | 4 |  4.5
Shields        | 6 |  6.4
Ranged Weapons | 2 |  2.6

Action                   |  1- 3 |  4- 6 |  7- 9 || total
-------------------------+-------+-------+-------++-------
Melee: Long sword        |    81 |       |       ||    81
       Dagger            |    10 |    25 |       ||    35
       Falchion          |       |    57 |   129 ||   186
 Fire: Sling             |       |    17 |    25 ||    42
Throw: Stone             |       |    13 |     3 ||    16
 Abil: Hop               |       |       |     1 ||     1
  Use: Scroll            |     1 |     5 |       ||     6
       Potion            |       |     1 |       ||     1
Armor: Scale mail        |     3 |       |       ||     3
       Crystal plate arm |    48 |    45 |   126 ||   219
Dodge: Dodged            |    29 |    15 |    23 ||    67
Block: Buckler           |    15 |    14 |    32 ||    61
